AoeStats
← GreatPerson25

Arabian Desert

508563269Analyzed
1v1 RM · 8d ago on Sep 23, 2026· 33m 4s· 2 players
Game mode
Random Map
Map size
Tiny (2 player)
Population
200
Speed
Normal
Resources
Standard
Victory
Conquest
Starting age
Dark Age
Ending age
Imperial Age
RankedLock teamsTeams togetherTeam positionsShared explorationLock speedFull tech treeHidden civsTurbo modeCheats
Victory
Defeat
🇺🇸 Jurchens · United States
1652
+17
🇲🇽 Gurjaras · Mexico
1683
-17
GreatPerson25
6:23 Loom
9:01 Feudal Age
9:48 Double-Bit Axe
18:02 Bloodlines
19:01 Scale Barding Armor
19:43 Forging
24:59 Castle Age
24:19 Scale Mail Armor
25:02 Light Cavalry
UrielMazatzi
2:44 Loom
6:38 Loom
8:50 Feudal Age
9:30 Double-Bit Axe
10:46 Town Watch
19:36 Castle Age
18:49 Fletching
24:31 Bow Saw
24:57 Bodkin Arrow
30:08 Ballistics
Connection lost

Rejoining the realm…

Still unreachable

The connection could not be restored.

Session expired

The server has moved on; the page needs a fresh start.